 Dungeon Sprint DCSS version 0.30-a0-364-gf6b3ef1049 (webtiles) character file.

Game seed: 10560594099431310496

1996 mhtbhm the Fighter (level 9, 0/64 HPs)
             Began as a Kobold Fighter on Nov 14, 2022.
             Was an Initiate of Gozag.
             Slain by a seven-headed hydra (3 damage)
             ... in the Dungeon (Sprint IX: "|||||||||||||||||||||||||||||").
             The game lasted 00:02:09 (568 turns).

mhtbhm the Fighter (Kobold Fighter)                  Turns: 568, Time: 00:02:09

Health: 0/64       AC: 15    Str: 20    XL:     9   Next: 45%
Magic:  9/9        EV: 14    Int:  9    God:    Gozag
Gold:   243        SH:  7    Dex: 15    Spells: 8/8 levels left

rFire   . . .      SeeInvis .    a - +0 flail
rCold   . . .      Faith    .    c - +0 buckler
rNeg    . . .      Spirit   .    b - +1 chain mail
rPois   .          Reflect  .    (no helmet)
rElec   .          Harm     .    m - +0 cloak
rCorr   .          Rampage  .    (no gloves)
Will    .....      NoTele   +    n - +0 pair of boots
Stlth   ..........               (no amulet)
HPRegen 0.30/turn                o - +2 ring of evasion
MPRegen 0.11/turn                p - +3 ring of strength

@: no status effects
A: small, no large weapons, nightstalker 3
a: Renounce Religion, Potion Petition, Call Merchant, Bribe Branch


You were in the Dungeon.
You worshipped Gozag.
Gozag was aware of your devotion.
You visited 1 branch You collected 243 gold pieces.

Inventory:

Hand Weapons
 a - a +0 flail (weapon)
Armour
 b - a +1 chain mail (worn)
 c - a +0 buckler (worn)
 m - a +0 cloak (worn)
 n - a +0 pair of boots (worn)
Jewellery
 o - a +2 ring of evasion (left hand)
 p - a +3 ring of strength (right hand)
Wands
 l - a wand of iceblast (5)
Scrolls
 k - 2 scrolls of amnesia
Potions
 e - 3 potions of curing
 h - 4 potions of magic


   Skills:
 + Level 11.5 Fighting
 + Level 10.2 Maces & Flails
 + Level 8.9 Armour
 + Level 5.2 Dodging
 + Level 3.6 Stealth
 + Level 7.0 Shields
 + Level 2.8 Evocations


You had 8 spell levels left.
You didn't know any spells.
Your spell library was empty.

Dungeon Overview and Level Annotations

Branches:
Dungeon (1/1)

Altars:
Cheibriados
Dithmenos
Elyvilon
Fedhas
Gozag
Hepliaklqana
Kikubaaqudgha
Makhleb
Nemelex Xobeh
Okawaru
Qazlal
Ru
Sif Muna
Trog
Uskayaw
Vehumet
Wu Jian
Xom
Yredelemnul
Zin
The Shining One
Jiyva
Lugonu


Innate Abilities, Weirdness & Mutations

You are small and have problems with some larger weapons.
You are completely attuned to the shadows.


Message History

Unknown command.
Press < or > to pray at altars.
The acid dragon roars!
You hit the seven-headed hydra.
The seven-headed hydra is lightly wounded.
You block the seven-headed hydra's attack.
The seven-headed hydra bites you but does no damage.
You block the seven-headed hydra's attack.
The seven-headed hydra bites you!
The seven-headed hydra barely misses you.
The seven-headed hydra bites you!
* * * LOW HITPOINT WARNING * * *
The seven-headed hydra bites you but does no damage.
Unknown command.
Press < or > to pray at altars.
You sock the seven-headed hydra!
The seven-headed hydra is lightly wounded.
You block the seven-headed hydra's attack.
The seven-headed hydra barely misses you.
The seven-headed hydra bites you!
* * * LOW HITPOINT WARNING * * *
The seven-headed hydra barely misses you.
The seven-headed hydra closely misses you.
You block the seven-headed hydra's attack.
The seven-headed hydra bites you but does no damage.
Unknown command.
Press < or > to pray at altars.
You hit the seven-headed hydra but do no damage.
The seven-headed hydra is lightly wounded.
You block the seven-headed hydra's attack.
The seven-headed hydra bites you but does no damage. x3
The seven-headed hydra barely misses you.
The seven-headed hydra bites you.
* * * LOW HITPOINT WARNING * * *
The seven-headed hydra bites you but does no damage.
You hit the seven-headed hydra.
The seven-headed hydra is moderately wounded.
The seven-headed hydra bites you.
You die...
Your body crumbles into a pile of gold. $$$$ $ $ $ $$$$$ $$$$$$$$$$$$

$$$ $ $
▓▓▓▓▓▓▓▓▓▓▓▓▓▓▓▓▓▓▓▓▓▓▓▓▓▓▓▓▓▓▓▓▓
..$..'...[..)DCD@________________
▓▓▓▓▓▓▓▓▓▓▓▓▓▓▓▓▓▓▓▓▓▓▓▓▓▓▓▓▓▓▓▓▓


You could see a seven-headed hydra, a cyclops and an acid dragon.

Vanquished Creatures
  A two-headed ogre (D)
  A tengu warrior (D)
  A tengu conjurer (D)
  2 wraiths (D)
  A phantom (D)
  A kobold brigand (D)
  A killer bee (D)
  2 hounds (D)
  An orc wizard (D)
  A gnoll (D)
  An orc (D)
  2 hobgoblins (D)
  A jackal (D)
  2 ball pythons (D)
18 creatures vanquished.

Notes
Turn   | Place    | Note
-------+----------+-------------------------------------------
     0 | D        | mhtbhm the Kobold Fighter began the quest for the Orb.
     0 | D        | Reached XP level 1. HP: 14/14 MP: 1/1
    17 | D        | Reached skill level 4 in Fighting
    17 | D        | Reached XP level 2. HP: 18/20 MP: 2/2
    29 | D        | Noticed a phantom
    37 | D        | Reached skill level 5 in Fighting
    37 | D        | Reached XP level 3. HP: 26/26 MP: 3/3
    44 | D        | Reached XP level 4. HP: 24/32 MP: 4/4
    58 | D        | Killed a phantom
    59 | D        | Reached skill level 6 in Fighting
    59 | D        | Reached skill level 5 in Armour
    59 | D        | Reached skill level 1 in Dodging
    59 | D        | Reached XP level 5. HP: 30/37 MP: 5/5
    82 | D        | Found a snail-covered altar of Cheibriados.
    82 | D        | Found a shadowy altar of Dithmenos.
    83 | D        | Found a white marble altar of Elyvilon.
    84 | D        | Found a blossoming altar of Fedhas.
    85 | D        | Found an opulent altar of Gozag.
    86 | D        | Found a hazy altar of Hepliaklqana.
    87 | D        | Found a viscous altar of Jiyva.
    88 | D        | Found an ancient bone altar of Kikubaaqudgha.
    89 | D        | Found a corrupted altar of Lugonu.
    90 | D        | Found a burning altar of Makhleb.
    91 | D        | Found a sparkling altar of Nemelex Xobeh.
    92 | D        | Found an iron altar of Okawaru.
    96 | D        | Became a worshipper of Gozag Ym Sagoz the Greedy
   100 | D        | Found a stormy altar of Qazlal.
   101 | D        | Found a sacrificial altar of Ru.
   102 | D        | Found a shimmering blue altar of Sif Muna.
   103 | D        | Found a bloodstained altar of Trog.
   104 | D        | Found a hide-covered altar of Uskayaw.
   105 | D        | Found a radiant altar of Vehumet.
   106 | D        | Found an ornate altar of the Wu Jian Council.
   107 | D        | Found a shimmering altar of Xom.
   108 | D        | Found a basalt altar of Yredelemnul.
   109 | D        | Found a glowing silver altar of Zin.
   110 | D        | Found a glowing golden altar of the Shining One.
   185 | D        | Noticed a wraith
   185 | D        | Noticed a wraith
   193 | D        | Killed a wraith
   194 | D        | Reached skill level 8 in Fighting
   194 | D        | Reached skill level 5 in Maces & Flails
   194 | D        | Reached skill level 5 in Shields
   194 | D        | Reached XP level 6. HP: 44/44 MP: 6/6
   195 | D        | Noticed a two-headed ogre
   205 | D        | Killed a wraith
   206 | D        | Reached skill level 9 in Fighting
   206 | D        | Reached XP level 7. HP: 16/51 MP: 7/7
   221 | D        | Killed a two-headed ogre
   222 | D        | Reached skill level 10 in Fighting
   222 | D        | Reached skill level 1 in Evocations
   222 | D        | Reached XP level 8. HP: 24/59 MP: 8/8
   245 | D        | Noticed a tengu warrior
   245 | D        | Noticed a tengu conjurer
   245 | D        | Noticed a tengu conjurer
   247 | D        | Noticed a seven-headed hydra
   250 | D        | Killed a tengu conjurer
   251 | D        | Reached skill level 11 in Fighting
   251 | D        | Reached XP level 9. HP: 31/64 MP: 9/9
   264 | D        | HP: 3/64 [tengu warrior/+0 battleaxe (16)]
   264 | D        | HP: 1/64 [tengu warrior/+0 battleaxe (2)]
   277 | D        | Killed a tengu warrior
   278 | D        | Reached skill level 10 in Maces & Flails
   278 | D        | Reached skill level 5 in Dodging
   560 | D        | Noticed a cyclops
   567 | D        | HP: 3/64 [seven-headed hydra (2)]
   568 | D        | Slain by a seven-headed hydra

Illustrated notes

Levels and vault maps discovered:
D:        linesprint [early_d, line_temple, items_1, d_10, items_2, lair_1,
          lair_end, items_3, orc_1, orc_end, items_4, d_15, swamp_1, shoals_1,
          snake_1, spider_1, d_20, vaults_1, items_5, swamp_end, shoals_end,
          snake_end, spider_end, vaults_end, d_27, items_6, zot_1, zot_end,
          crypt_end, forest_end, elf_end, slime_end, tomb_end, abyss_end,
          pan_hell_end]

Skill      XL: |  1  2  3  4  5  6  7  8  9 |
---------------+----------------------------+-----
Maces & Flails | 2 3 4 5 7 8 9 10 | 10.2
Fighting       | 4 5 6 8 9 10 11 | 11.5
Armour         | 3 4 5 6 7 8 |  8.9
Shields        | 3 4 5 6 7 |  7.0
Dodging        | 1 2 3 4 5 |  5.2
Evocations     | 1 2 |  2.8
Stealth        | 3 |  3.6

Action                   |  1- 3 |  4- 6 |  7- 9 || total
-------------------------+-------+-------+-------++-------
Melee: Flail             |    26 |    46 |    34 ||   106
Evoke: Wand              |       |       |     5 ||     5
  Use: Potion            |     1 |     3 |     5 ||     9
       Scroll            |       |       |     2 ||     2
 Stab: Invisible         |       |       |     4 ||     4
Armor: Scale mail        |     6 |    12 |       ||    18
       Chain mail        |       |     4 |    39 ||    43
Dodge: Dodged            |    11 |    29 |    31 ||    71
Block: Buckler           |     5 |    13 |    18 ||    36

Table legend: (Time is in decaauts)
 A = Elapsed time spent in this place.
 B = Non-inter-level travel time spent in this place.
 C = Inter-level travel time spent in this place.
 D = Time resting spent in this place.
 E = Time spent auto-exploring this place.
 F = Levels seen in this place.
 G = Mean time per level.
                   A        B        C        D        E       F      G
               +--------+--------+--------+--------+--------+-----+--------+
         Total |    589 |    589 |      0 |    305 |      3 |   1 |  589.0 |
       Dungeon |    589 |    589 |      0 |    305 |      3 |   1 |  589.0 |
               +--------+--------+--------+--------+--------+-----+--------+

Top non-repeatable levels by time:
       D: 589 daAuts
